 Dungeon Crawl Stone Soup version 0.17.2-1-ge4368a0 (webtiles) character file.

209854 Goblin1989 the Severer (level 18, -1/143 HPs)
             Began as a Demonspawn Abyssal Knight on May 17, 2017.
             Was the Champion of Lugonu.
             Slain by an Ice Fiend (15 damage)
             ... in an ice cave on May 19, 2017.
             The game lasted 02:26:38 (30256 turns).

Goblin1989 the Severer (Demonspawn Abyssal Knight) Turns: 30256, Time: 02:26:38

Health: -1/143     AC: 20    Str: 19    XL:     18   Next: 54%
Magic:  34/39      EV: 17    Int: 17    God:    Lugonu [******]
Gold:   1883       SH: 16    Dex: 19    Spells: 5 memorised, 5 levels left

rFire  x . .     SeeInvis .     a - +5 broad axe of Geups {freeze, MP+9 Dex+2}
rCold  + . .     Clarity  +     V - +5 scale mail of the Shining Light {+Inv rPois Regen+ Int+2}
rNeg   . . .     SustAt   .     T - +0 shield
rPois  +         Gourm    .     u - +1 hat
rElec  .         Spirit   .     h - +0 cloak
rCorr  .         Warding  .     U - +1 pair of gloves
rMut   .         Stasis   .     (no boots)
MR     ++...                    t - amulet of clarity
Stlth  ..........               N - ring of ice
                                W - ring of the Lost Runes {MR+ Dex+4}

@: very slightly contaminated, very resistant to hostile enchantments, extremely
unstealthy
A: horns 2, large bone plates 2, powered by death 2, spiny 2
a: Depart the Abyss, Bend Space, Banish, Corrupt, Enter the Abyss, Brand Weapon
With Distortion, Renounce Religion, Evoke Invisibility


You were in an ice cave.
You worshipped Lugonu.
Lugonu was exalted by your worship.
You were very hungry.

You visited 4 branches of the dungeon, and saw 31 of its levels.
You visited the Abyss 1 time.
You also visited: Ice Cave and Volcano.

You collected 3650 gold pieces.
You spent 1767 gold pieces at shops.

Inventory:

Hand Weapons
 a - the +5 broad axe of Geups (weapon) {freeze, MP+9 Dex+2}
   (You acquired it on level 7 of the Lair of Beasts)

   It has been specially enchanted to freeze those struck by it, causing extra
   injury to most foes and up to half again as much damage against particularly
   susceptible opponents.
   It can also slow down cold-blooded creatures.
   It affects your dexterity (+2).
   It affects your magic capacity (+9).
 k - a +0 broad axe
 w - a +0 blowgun {@w1}
Missiles
 p - 8 needles of sleeping
 y - 4 curare-tipped needles
 Z - a throwing net {!d, =f}
Armour
 h - a +0 cloak (worn)
 u - a +1 hat (worn)
 T - a +0 shield (worn)
 U - a +1 pair of gloves (worn)
 V - the +5 scale mail of the Shining Light (worn) {+Inv rPois Regen+ Int+2}
   (You found it on level 10 of the Dungeon)

   It affects your intelligence (+2).
   It protects you from poison.
   It lets you turn invisible.
   It increases your rate of regeneration.
 X - the cursed +0 chain mail "Naedey" {+Fly rElec}
   (You found it on level 3 of the Spider Nest)

   It insulates you from electricity.
   It lets you fly.
   It has a curse placed upon it.
 Y - the +0 pair of boots of Goehil {rF+ MR- Dex+4}
   (You found it on level 5 of the Lair of Beasts)

   It affects your dexterity (+4).
   It protects you from fire.
   It affects your resistance to hostile enchantments.
Jewellery
 m - a ring of protection from magic
 s - a ring of positive energy
 t - an amulet of clarity (around neck)
 A - a ring of sustain attributes
 N - a ring of ice (right hand)
 O - the ring of Agnosticism {rPois Str+4}
   (You found it on level 6 of the Dungeon)

   [ring of poison resistance]

   It affects your strength (+4).
   It protects you from poison.
 W - the ring of the Lost Runes (left hand) {MR+ Dex+4}
   (You found it on level 2 of the Lair of Beasts)

   [ring of protection from magic]

   It affects your dexterity (+4).
   It affects your resistance to hostile enchantments.
Wands
 b - a wand of digging (8)
 K - a wand of disintegration (9)
Scrolls
 l - 8 scrolls of fear
 o - 5 scrolls of fog
 q - 10 scrolls of teleportation {!r, @r3}
 v - 8 scrolls of remove curse {@r2}
 z - 2 scrolls of blinking
 C - 2 scrolls of silence
 H - 2 scrolls of enchant armour
 I - 2 scrolls of summoning
 J - 9 scrolls of enchant weapon
 M - 5 scrolls of magic mapping
 P - 5 scrolls of immolation
 S - 10 scrolls of recharging
Potions
 c - 5 potions of heal wounds {@q2, !q}
 d - 2 potions of flight
 f - 4 potions of berserk rage
 g - 4 potions of might
 i - 3 potions of cancellation
 n - 10 potions of curing {@q1}
 E - 3 potions of resistance
 F - 5 potions of haste {@q3, !q}
 G - a potion of cure mutation {!q}
 Q - 5 potions of agility
Books
 r - a book of Annihilations

   Spells                             Type                      Level
   a - Poison Arrow                   Conjuration/Poison           6
   b - Chain Lightning                Conjuration/Air              8
   c - Lehudib's Crystal Spear        Conjuration/Earth            8
   d - Glaciate                       Conjuration/Ice              9
   e - Fire Storm                     Conjuration/Fire             9
 L - an Akashic Record

   Spells                             Type                      Level
   a - Dispersal                      Translocation                6
   b - Malign Gateway                 Summoning/Translocation      7
   c - Disjunction                    Translocation                8
   d - Controlled Blink               Translocation                8
Comestibles
 e - 14 bread rations {@e1}
 j - 15 meat rations {@e2}
 B - 10 beef jerkies
 D - 14 slices of pizza


   Skills:
 + Level 13.3 Fighting
 * Level 17.0 Axes
 - Level 7.5 Armour
 + Level 10.5 Dodging
 + Level 11.1 Shields
 + Level 16.2 Invocations


You had 5 spell levels left.
You knew the following spells:

 Your Spells              Type           Power        Failure   Level  Hunger
d - Blink                 Tloc           N/A          98%         2    ###....
g - Passage of Golubria   Tloc           N/A          100%        4    #####..
h - Shroud of Golubria    Chrm/Tloc      #.........   98%         2    ###....
j - Portal Projectile     Tloc           #.....       100%        3    ####...
o - Apportation           Tloc           #.........   89%         1    ##.....


Dungeon Overview and Level Annotations

Branches:
Dungeon (15/15)            Temple (0/1) D:6            Lair (8/8) D:11
  Swamp (0/4) Lair:5       Spider (4/4) Lair:4        Slime (0/6) Lair:6
    Orc (4/4) D:10            Elf (0/3) Orc:4        Vaults (0/5) D:14
 Depths (0/5) D:15

Altars:
Gozag
Kikubaaqudgha
Makhleb
Qazlal
Sif Muna
Vehumet
Xom
Yredelemnul
Beogh
Jiyva

Shops:
D:5 (?   D:14 *   Orc:4 :*[:

Portals:
Trove: D:14 (give 11 potions of heal wounds)

Annotations:
Lair:6 1 runed door
Spider:4 Wiglaf
Abyss:1 Arachne, Rupert


Innate Abilities, Weirdness & Mutations

You have a pair of horns on your head.
You are mostly covered in large bone plates (AC +3, SH +3).
You regenerate health from kills.
You are mostly covered in sharp spines.


Message History

You block the ice devil's attack.
You barely miss the ice devil. You headbutt the ice devil.
The ice devil is heavily wounded.
The Ice Fiend gestures at you.
The bolt of cold hits the ice devil.
The ice devil completely resists.
The bolt of cold misses you. The ice devil hits you!
* * * LOW HITPOINT WARNING * * *
The ice devil freezes you! You resist.
* * * LOW HITPOINT WARNING * * *
You take 19 damage, and have 22/143 hp.
Read which item? (? for menu, Esc to quit)
Blink to where?
Press: ? - help, Dir - move target cursor You are very lightly contaminated with residual magic.
As you read the scroll of blinking, it crumbles to dust.
You regained 2 hp, and now have 24/143 hp.
You regained 2 hp, and now have 26/143 hp.
Press: ? - help, Shift-Dir - straight line, f - harpy simulacrum
Aim: a harpy simulacrum (chance to defeat MR: 92%)
The harpy simulacrum is devoured by a tear in reality.
Lugonu claims a new guest.
You feel somewhat more hungry.
You feel less regenerative.
You now have 35/39 mp.
Press: ? - help, Shift-Dir - straight line, f - ice devil
Aim: an ice devil (translocational energy, heavily wounded, chance to defeat MR: 41%)
The ice devil resists with some effort.
You are feeling very hungry.
You now have 32/39 mp.
Okay, then.
The Ice Fiend calls on the powers of darkness!
Your body is wracked with pain!
* * * LOW HITPOINT WARNING * * *
The ice devil is struck by your spines.
The ice devil hits you but does no damage.
You take 14 damage, and have 16/143 hp.
Drink which item? (? for menu, Esc to quit)
Really quaff
c - 7 potions of heal wounds {@q2, !q}?
You feel much better. You block the ice devil's attack.
You regained 23 hp, and now have 39/143 hp.
You barely miss the Ice Fiend. Your headbutt misses the Ice Fiend.
You barely miss the ice devil.
The ice devil is heavily wounded.
The Ice Fiend calls on the powers of darkness!
Your body is wracked with pain!
* * * LOW HITPOINT WARNING * * *
You block the ice devil's attack.
You take 18 damage, and have 21/143 hp.
You closely miss the Ice Fiend. You closely miss the ice devil.
The ice devil is heavily wounded.
The Ice Fiend is struck by your spines.
The Ice Fiend claws you but does no damage.
The Ice Fiend misses you.
Unknown command.
Drink which item? (? for menu, Esc to quit)
Really quaff
c - 6 potions of heal wounds {@q2, !q}?
You feel much better. The ice devil misses you. The Ice Fiend gestures at you.
The bolt of cold hits you! You resist.
* * * LOW HITPOINT WARNING * * *
You regained 17 hp, and now have 38/143 hp.
Unknown command.
Press: ? - help, Shift-Dir - straight line, f - Ice Fiend, p - ice devil
Aim: an Ice Fiend (lightly wounded, magic immune)
Okay, then.
You slash the Ice Fiend!
The Ice Fiend is lightly wounded.
You slash the ice devil!
The ice devil is severely wounded.
The ice devil is struck by your spines. The ice devil hits you.
* * * LOW HITPOINT WARNING * * *
The ice devil freezes you! You resist.
* * * LOW HITPOINT WARNING * * *
The Ice Fiend claws you but does no damage.
You block the Ice Fiend's attack.
You take 10 damage, and have 28/143 hp.
You barely miss the Ice Fiend. Your headbutt misses the Ice Fiend.
The Ice Fiend is lightly wounded.
You hit the ice devil.
The ice devil is severely wounded.
The ice devil closely misses you.
Unknown command.
You hit the Ice Fiend but do no damage. Your headbutt misses the Ice Fiend.
The Ice Fiend is lightly wounded.
You hit the ice devil but do no damage.
The ice devil is severely wounded.
The Ice Fiend gestures at you. The bolt of cold hits you! You resist.
* * * LOW HITPOINT WARNING * * *
The ice devil hits you but does no damage.
You take 3 damage, and have 25/143 hp.
You slash the Ice Fiend!
You headbutt the Ice Fiend, but do no damage.
The Ice Fiend is moderately wounded.
You hit the ice devil but do no damage.
The ice devil is severely wounded.
The Ice Fiend is struck by your spines. The Ice Fiend claws you!
* * * LOW HITPOINT WARNING * * *
The Ice Fiend freezes you! You resist.
You die...

█≈≈█≈█████...██
█.. ██≈≈≈█
████...██ ██.
█≈≈██≈≈█
███..██████
██≈≈█≈≈██
██...██.█
█≈≈≈≈≈≈≈█
██..█..█
█≈█≈≈≈≈≈≈█
██...█.
█.≈█≈█≈≈≈≈
██.██.
██.██≈≈≈█≈


█████ ██ █3@█≈≈≈≈≈ █. ██1██≈≈█≈ █.███.█ ≈≈≈ ██.█.██ █1...█ █.█.██ ██.███ █1██
█Z██ You could see an Ice Fiend and an ice devil.

Vanquished Creatures
  A sphinx (D:15)
  Kirke (Spider:2)
  2 ghost moths
  2 frost giants (D:15)
  An orc warlord (Orc:3)
  Louise (D:15)
  2 emperor scorpions
  A dire elephant (Lair:8)
  5 vault guards (D:14)
  Josephine (D:13)
  A rakshasa (D:15)
  2 entropy weavers
  4 centaur warriors
  An ogre mage (D:15)
  A queen ant (Spider:2)
  A deep troll earth mage (D:15)
  A catoblepas (Lair:8)
  16 death yaks
  A deep troll shaman (Lair:8)
  An orc high priest (Orc:4)
  6 skeletal warriors
  The ghost of Alipheese the Conjurer, a novice NaWz of Okawaru (D:7)
  A flayed ghost (D:15)
  3 ice devils (IceCv)
  A shadow dragon zombie (D:15)
  3 orc knights
  A necromancer (D:15)
  Pikel (D:9)
  A tengu zombie (D:15)
  6 hill giants
  A hornet (Spider:1)
  5 griffons
  6 cyclopes
  10 orb spiders
  19 ugly things
  A manticore (D:12)
  4 orc sorcerers
  17 wolf spiders
  A hornet (shapeshifter) (D:14)
  Maurice (D:13)
  A frost giant skeleton (D:15)
  Joseph (D:7)
  An ice statue (IceCv)
  10 elephants
  7 black mambas
  2 gargoyles (D:11)
  14 spiny frogs
  4 centaur skeletons
  2 fire drakes
  A golden dragon simulacrum (IceCv)
  12 demonic crawlers
  10 komodo dragons
  A kobold demonologist (D:14)
  18 jumping spiders
  A tengu conjurer (D:14)
  3 freezing wraiths (IceCv)
  2 trolls (D:14)
  A polar bear (Lair:8)
  A wolf spider simulacrum (IceCv)
  Prince Ribbit (D:6)
  2 two-headed ogres (D:15)
  15 slime creatures
  An ettin zombie (D:15)
  12 blink frogs
  2 flying skulls (Volcano)
  Sigmund (D:6)
  2 deep elf magi (D:12)
  2 shadows
  16 tarantellas
  21 redbacks
  10 trapdoor spiders
  5 basilisks
  7 wraiths
  2 wyverns (D:14)
  A human (D:8)
  2 steam dragons
  40 yaks
  A vampire (Volcano)
  A dire elephant simulacrum (IceCv)
  A harpy simulacrum (IceCv)
  12 hippogriffs
  A warg (Orc:1)
  Menkaure (D:7)
  3 hogs
  An iron troll simulacrum (IceCv)
  9 swamp worms (Lair:2)
  A mottled dragon (D:14)
  18 wolves
  8 vampire mosquitoes
  2 insubstantial wisps (D:11)
  15 water moccasins
  7 sky beasts
  6 hydra simulacra (IceCv)
  10 porcupines
  A slave (D:9)
  17 ogres
  23 soldier ants
  5 phantoms
  11 spiders
  30 orc warriors
  A wasp (Spider:2)
  3 black bears
  2 eyes of draining
  A porcupine (shapeshifter) (D:14)
  4 boggarts (D:15)
  3 ice beasts
  A necrophage (D:11)
  6 big kobolds
  24 centaurs
  A brain worm (D:15)
  25 giant frogs
  7 crocodiles
  A wyvern skeleton (D:13)
  A wyvern zombie (D:12)
  2 gnoll sergeants
  A scorpion (D:7)
  5 killer bees (D:9)
  A swamp dragon simulacrum (IceCv)
  An electric eel (Spider:1)
  5 crimson imps
  9 wights
  A gnoll shaman (D:4)
  2 centaur zombies
  29 orc priests
  25 orc wizards
  2 giant frog skeletons
  Ijyb (D:2)
  2 giant frog zombies (D:7)
  6 hounds
  8 iguanas
  5 jellies
  37 worker ants
  2 wolf simulacra (IceCv)
  19 sheep
  A troll simulacrum (IceCv)
  3 centaur simulacra (IceCv)
  A hound skeleton (D:7)
  3 mummies (Volcano)
  14 adders
  18 gnolls
  2 naga simulacra (IceCv)
  15 white imps
  5 shadow imps
  43 river rats
  8 ufetubi (IceCv)
  An ooze (D:1)
  2 adder skeletons
  11 worms
  145 orcs
  6 bats
  2 bat zombies (D:2)
  4 giant cockroaches
  13 hobgoblins
  5 jackals
  34 kobolds
  3 giant geckos
  A giant gecko skeleton (D:4)
  3 giant newts
  20 goblins
  A jackal zombie (D:5)
  6 quokkas
  A quokka zombie (D:7)
  5 rats
  5 fungi
  5 plants
1182 creatures vanquished.

Vanquished Creatures (others)
  An emperor scorpion (Spider:4)
  5 hydras
  A centaur warrior (D:13)
  2 cyclopes
  An ugly thing (D:12)
  A jumping spider (Spider:2)
  4 humans (Spider:2)
  A harpy simulacrum (IceCv)
  A giant frog (D:11)
  3 worker ants (Spider:2)
  A white imp (Spider:4)
  7 fungi
  6 plants
34 creatures vanquished.

Grand Total: 1216 creatures vanquished

Notes
Turn   | Place    | Note
--------------------------------------------------------------
     0 | Abyss:1  | Goblin1989 the Demonspawn Abyssal Knight began the quest for the Orb.
     0 | Abyss:1  | Reached XP level 1. HP: 18/18 MP: 2/2
    40 | Abyss:1  | Noticed an apocalypse crab
    43 | D:1      | Escaped the Abyss
   196 | D:1      | Reached * piety under Lugonu
   660 | D:1      | Gained mutation: You regenerate a little health from kills. [demonic ancestry]
   660 | D:1      | Reached XP level 2. HP: 21/24 MP: 4/4
  1269 | D:2      | Reached XP level 3. HP: 19/29 MP: 5/5
  1595 | D:2      | Found an ancient bone altar of Kikubaaqudgha.
  2014 | D:2      | Found an opulent altar of Gozag.
  2038 | D:2      | Gained mutation: You are partially covered in sharp spines. [demonic ancestry]
  2038 | D:2      | Reached XP level 4. HP: 35/35 MP: 6/6
  2046 | D:2      | Reached ** piety under Lugonu
  2095 | D:2      | Noticed Ijyb
  2133 | D:2      | Killed Ijyb
  2133 | D:2      | Reached skill level 4 in Axes
  2370 | D:3      | Found a stormy altar of Qazlal.
  2423 | D:3      | Reached XP level 5. HP: 36/41 MP: 7/7
  3313 | D:4      | Noticed a phantom
  3341 | D:4      | Killed a phantom
  3341 | D:4      | Reached skill level 5 in Axes
  3341 | D:4      | Reached XP level 6. HP: 47/47 MP: 8/8
  3487 | D:4      | Reached *** piety under Lugonu
  3560 | D:4      | Found a basalt altar of Yredelemnul.
  3963 | D:4      | Noticed a phantom
  3999 | D:4      | Killed a phantom
  3999 | D:4      | Reached skill level 6 in Axes
  3999 | D:4      | Gained mutation: You have a pair of small horns on your head. [demonic ancestry]
  3999 | D:4      | Reached XP level 7. HP: 39/54 MP: 7/9
  4078 | D:5      | Entered Level 5 of the Dungeon
  4126 | D:5      | Found Omitosiff's Magic Scroll Boutique.
  4131 | D:5      | Bought a scroll of magic mapping for 35 gold pieces
  4131 | D:5      | Bought a scroll of teleportation for 30 gold pieces
  4131 | D:5      | Bought a scroll of identify for 20 gold pieces
  4131 | D:5      | Bought a scroll of blinking for 75 gold pieces
  4131 | D:5      | Bought a scroll of fear for 35 gold pieces
  4173 | D:6      | Reached **** piety under Lugonu
  4233 | D:5      | Found Tawi's Weapon Emporium.
  4388 | D:5      | Noticed a yak
  4388 | D:5      | Noticed a yak
  4388 | D:5      | Noticed a yak
  4388 | D:5      | Noticed a yak
  4401 | D:5      | Killed a yak
  4418 | D:5      | Killed a yak
  4418 | D:5      | Gained mutation: You are partially covered in large bone plates (AC +2, SH +2). [demonic ancestry]
  4418 | D:5      | Reached XP level 8. HP: 26/61 MP: 4/10
  4445 | D:5      | Killed a yak
  4445 | D:5      | Reached skill level 7 in Axes
  4481 | D:5      | Killed a yak
  4481 | D:5      | Reached skill level 5 in Fighting
  5535 | D:5      | Reached skill level 5 in Invocations
  5755 | D:6      | Noticed Prince Ribbit
  5770 | D:6      | Reached skill level 1 in Shields
  5798 | D:6      | Killed Prince Ribbit
  5830 | D:6      | Gained mutation: You are mostly covered in large bone plates (AC +3, SH +3). [demonic ancestry]
  5830 | D:6      | Reached XP level 9. HP: 57/68 MP: 9/13
  5869 | D:6      | Noticed Sigmund
  5876 | D:6      | Killed Sigmund
  5876 | D:6      | Reached skill level 8 in Axes
  5876 | D:6      | Reached skill level 5 in Armour
  5964 | D:6      | Found a staircase to the Ecumenical Temple.
  6151 | D:6      | Reached ***** piety under Lugonu
  6169 | D:6      | Got a brightly glowing marble ring
  6171 | D:6      | Identified the ring of Agnosticism {rPois Str+4} (You found it on level 6 of the Dungeon)
  6359 | D:7      | Noticed Alipheese's ghost (novice NaWz)
  6463 | D:7      | Noticed Menkaure
  6495 | D:7      | Killed Menkaure
  6732 | D:8      | You fall through a shaft for 3 floors!
  6732 | D:11     | Noticed a cyclops
  6733 | D:11     | Banished a cyclops
  6775 | D:11     | Noticed a gargoyle
  6818 | D:11     | Killed a gargoyle
  7143 | D:11     | Found a staircase to the Lair.
  7223 | D:11     | Noticed a gargoyle
  7240 | D:11     | Killed a gargoyle
  7240 | D:11     | Reached skill level 9 in Axes
  7240 | D:11     | Gained mutation: You are mostly covered in sharp spines. [demonic ancestry]
  7240 | D:11     | Reached XP level 10. HP: 26/77 MP: 6/15
  7616 | D:11     | You fall through a shaft for 3 floors!
  7616 | D:14     | Noticed an orc sorcerer
  7616 | D:14     | Noticed a vault guard
  7623 | D:14     | Noticed a seven-headed hydra
  7625 | D:14     | Banished a seven-headed hydra
  7666 | D:14     | Noticed a centaur warrior
  7677 | D:14     | Killed a centaur warrior
  7773 | D:13     | Noticed a cyclops
  7773 | D:13     | Noticed a centaur warrior
  7775 | D:13     | Banished a cyclops
  7776 | D:13     | Banished a centaur warrior
  7779 | D:13     | Noticed a brown ugly thing
  7882 | D:14     | Noticed a green ugly thing
  7882 | D:14     | Noticed a green ugly thing
  7882 | D:14     | Noticed a green ugly thing
  7882 | D:14     | Noticed a green ugly thing
  7885 | D:14     | Noticed a green ugly thing
  7898 | D:13     | Noticed a hill giant
  7927 | D:12     | Noticed a brown ugly thing
  7929 | D:12     | Banished a brown ugly thing
  7929 | D:12     | Reached skill level 1 in Dodging
  7931 | D:12     | Noticed a cyclops
  7935 | D:12     | Noticed a cyclops
  7938 | D:12     | Killed a cyclops
  7938 | D:12     | Reached skill level 10 in Axes
  7946 | D:12     | Killed a cyclops
  8160 | D:12     | Noticed a manticore
  8175 | D:12     | Killed a manticore
  8175 | D:12     | Reached XP level 11. HP: 13/84 MP: 0/17
  8458 | D:12     | Noticed a skeletal warrior
  8473 | D:12     | Noticed a skeletal warrior
  8499 | D:12     | Noticed a skeletal warrior
  8577 | D:10     | Entered Level 10 of the Dungeon
  8701 | D:10     | Got a translucent scale mail
  8712 | D:10     | Identified the +5 scale mail of the Shining Light {+Inv rPois Regen+ Int+2} (You found it on level 10 of the Dungeon)
  8722 | D:9      | Found a burning altar of Makhleb.
  9937 | D:9      | Found a radiant altar of Vehumet.
 10033 | D:9      | Found a shimmering altar of Xom.
 10138 | D:9      | Noticed Pikel
 10167 | D:9      | Killed Pikel
 10167 | D:9      | Reached skill level 11 in Axes
 10902 | D:10     | Found a staircase to the Orcish Mines.
 10911 | D:10     | Reached skill level 10 in Invocations
 11139 | D:11     | Reached ****** piety under Lugonu
 11189 | D:11     | Reached skill level 5 in Shields
 11452 | D:5      | Bought a scroll of enchant weapon for 75 gold pieces
 11452 | D:5      | Bought a scroll of immolation for 35 gold pieces
 11452 | D:5      | Bought a scroll of summoning for 95 gold pieces
 11452 | D:5      | Bought a scroll of holy word for 75 gold pieces
 11452 | D:5      | Bought a scroll of recharging for 95 gold pieces
 11651 | D:7      | Killed Alipheese's ghost
 11699 | D:7      | Noticed Joseph
 11714 | D:7      | Killed Joseph
 12043 | D:10     | Reached XP level 12. HP: 87/94 MP: 17/19
 12118 | Lair:1   | Entered Level 1 of the Lair of Beasts
 12686 | Lair:1   | Noticed a five-headed hydra
 12688 | Lair:1   | Banished a five-headed hydra
 13503 | Lair:2   | Reached skill level 12 in Axes
 14376 | Lair:2   | Got a pitted ring mail
 14376 | Lair:2   | Got a scintillating tin ring
 14387 | Lair:2   | Identified the +5 ring mail "Kippuarph" {Regen+ MP+9 Dex+2} (You found it on level 2 of the Lair of Beasts)
 14398 | Lair:2   | Identified the ring of the Lost Runes {MR+ Dex+4} (You found it on level 2 of the Lair of Beasts)
 14750 | Lair:3   | Found an opulent altar of Gozag.
 15100 | Lair:3   | Noticed an eight-headed hydra
 15101 | Lair:3   | Banished an eight-headed hydra
 15101 | Lair:3   | Reached skill level 5 in Dodging
 15540 | Lair:4   | Found a hole to the Spider Nest.
 15647 | Lair:4   | Reached XP level 13. HP: 97/101 MP: 21/21
 16277 | Lair:5   | Learned a level 1 spell: Apportation
 16281 | Lair:5   | Learned a level 3 spell: Portal Projectile
 16286 | Lair:5   | Learned a level 4 spell: Passage of Golubria
 16289 | Lair:5   | Learned a level 2 spell: Shroud of Golubria
 16292 | Lair:5   | Learned a level 2 spell: Blink
 16731 | Lair:5   | Reached skill level 13 in Axes
 16761 | Lair:5   | Got a pair of translucent boots
 16767 | Lair:5   | Identified the +0 pair of boots of Goehil {rF+ MR- Dex+4} (You found it on level 5 of the Lair of Beasts)
 16992 | Lair:5   | Found a staircase to the Swamp.
 17537 | Lair:6   | Reached skill level 10 in Fighting
 17986 | Lair:6   | Found a runed door.
 17986 | Lair:6   | Found a viscous altar of Jiyva.
 18001 | Lair:6   | Found a staircase to the Slime Pits.
 18708 | Lair:7   | Found a deep blue altar of Sif Muna.
 18890 | Lair:7   | Identified 2 scrolls of acquirement
 18901 | Lair:7   | Got an iridescent broad axe
 18902 | Lair:7   | Identified the +5 broad axe of Geups {freeze, MP+9 Dex+2} (You acquired it on level 7 of the Lair of Beasts)
 19478 | Lair:8   | Entered Level 8 of the Lair of Beasts
 19482 | Lair:8   | Gained mutation: You regenerate health from kills. [demonic ancestry]
 19482 | Lair:8   | Reached XP level 14. HP: 100/111 MP: 23/23
 19553 | Lair:8   | Found a dark tunnel.
 19578 | Volcano  | Entered a volcano
 20047 | Lair:8   | Noticed Rupert
 20047 | Lair:8   | Banished Rupert
 20480 | Lair:8   | Reached skill level 14 in Axes
 20763 | Lair:8   | Noticed a dire elephant
 20781 | Lair:8   | Killed a dire elephant
 21383 | Orc:1    | Entered Level 1 of the Orcish Mines
 22569 | Orc:3    | Found a roughly hewn altar of Beogh.
 22662 | Orc:4    | Entered Level 4 of the Orcish Mines
 22777 | Orc:4    | Noticed an orc warlord
 22874 | Orc:4    | Found a roughly hewn altar of Beogh.
 22881 | Orc:4    | Found Weem's Book Shop.
 22907 | Orc:3    | Killed an orc warlord
 22999 | Orc:4    | Found Meddol's Antique Weapon Shop.
 23078 | Orc:4    | Found a staircase to the Elven Halls.
 23083 | Orc:4    | Found Hegooggehu's Book Shoppe.
 23133 | Orc:4    | Found Ichogokh's General Store.
 23148 | Orc:4    | Found Juynoid's Antique Armour Shop.
 23155 | Orc:4    | Bought a bloodstained plate armour for 1092 gold pieces
 23165 | Orc:4    | Identified the +6 plate armour of the Shining Light {*Confuse Regen+ Dex+4} (You bought it in a shop on level 4 of the Orcish Mines)
 23676 | D:12     | Killed a skeletal warrior
 23685 | D:12     | Killed a skeletal warrior
 23697 | D:12     | Killed a skeletal warrior
 23817 | D:12     | Noticed a cyclops
 23823 | D:12     | Killed a cyclops
 23979 | D:12     | Noticed a hill giant
 23984 | D:12     | Killed a hill giant
 24000 | D:12     | Reached XP level 15. HP: 119/119 MP: 25/25
 24001 | D:12     | Reached skill level 15 in Axes
 24001 | D:12     | Gained mutation: You have a pair of horns on your head. [demonic ancestry]
 24001 | D:12     | Reached XP level 16. HP: 125/127 MP: 26/26
 24013 | D:12     | Noticed a green ugly thing
 24022 | D:12     | Noticed a purple ugly thing
 24029 | D:12     | Killed a green ugly thing
 24029 | D:12     | Reached XP level 17. HP: 116/133 MP: 27/27
 24040 | D:12     | Killed a purple ugly thing
 24256 | D:13     | Killed a brown ugly thing
 24263 | D:13     | Killed a hill giant
 24277 | D:13     | Noticed a cyclops
 24284 | D:13     | Killed a cyclops
 24295 | D:13     | Noticed Josephine
 24303 | D:13     | Killed Josephine
 24410 | D:13     | Noticed a centaur warrior
 24415 | D:13     | Killed a centaur warrior
 24529 | D:13     | Noticed Maurice
 24542 | D:13     | Killed Maurice
 24632 | D:13     | Noticed a hill giant
 24636 | D:13     | Killed a hill giant
 24671 | D:13     | Noticed a cyclops
 24680 | D:13     | Killed a cyclops
 24724 | D:13     | Killed a green ugly thing
 24726 | D:13     | Killed a red ugly thing
 24785 | D:14     | Noticed a centaur warrior
 24791 | D:14     | Killed a centaur warrior
 24813 | D:14     | Found Aqab's General Store.
 24818 | D:14     | Bought a scroll of silence for 105 gold pieces
 24913 | D:14     | Noticed a green ugly thing
 24914 | D:14     | Noticed a green ugly thing
 24918 | D:14     | Noticed a green ugly thing
 24921 | D:14     | Noticed a green ugly thing
 24927 | D:14     | Killed a red ugly thing
 24930 | D:14     | Killed a red ugly thing
 24934 | D:14     | Killed a red ugly thing
 24942 | D:14     | Killed a green ugly thing
 24990 | D:14     | Noticed a skeletal warrior
 25001 | D:14     | Killed a skeletal warrior
 25037 | D:14     | Noticed a vault guard
 25081 | D:14     | Noticed a vault guard
 25082 | D:14     | Noticed a hill giant
 25094 | D:14     | Killed a hill giant
 25095 | D:14     | Killed a vault guard
 25101 | D:14     | Killed an orc sorcerer
 25132 | D:14     | Killed a vault guard
 25142 | D:14     | Found a gate to the Vaults.
 25142 | D:14     | Noticed a vault guard
 25143 | D:14     | Noticed a vault guard
 25148 | D:14     | Killed a vault guard
 25150 | D:14     | Killed a vault guard
 25180 | D:14     | Killed a vault guard
 25180 | D:14     | Reached skill level 10 in Shields
 25360 | D:14     | Noticed a centaur warrior
 25366 | D:14     | Killed a centaur warrior
 25382 | D:14     | Noticed a hill giant
 25385 | D:14     | Killed a hill giant
 25423 | D:14     | Found a portal to a secret trove of treasure.
 25652 | D:15     | Entered Level 15 of the Dungeon
 25659 | D:15     | Reached skill level 15 in Invocations
 26137 | D:15     | Noticed Louise
 26156 | D:15     | Killed Louise
 26193 | D:15     | Found a staircase to the Depths.
 26203 | D:15     | Reached skill level 16 in Axes
 27092 | Spider:1 | Entered Level 1 of the Spider Nest
 28115 | Spider:2 | Noticed Arachne
 28115 | Spider:2 | Banished Arachne
 28115 | Spider:2 | Reached skill level 10 in Dodging
 28115 | Spider:2 | Reached XP level 18. HP: 142/142 MP: 29/29
 28329 | Spider:2 | Noticed Kirke
 28356 | Spider:2 | Killed Kirke
 29401 | Spider:3 | Identified a +1 rod of the swarm (10/10) (You found it on level 3 of the Spider Nest)
 29409 | Spider:3 | Got a slimy chain mail
 29638 | Spider:4 | Entered Level 4 of the Spider Nest
 29640 | Spider:4 | Noticed Wiglaf
 29836 | Spider:4 | Found a frozen archway.
 29845 | Spider:4 | Reached skill level 17 in Axes
 29863 | IceCv    | Entered an ice cave
 29933 | IceCv    | Identified the cursed +0 chain mail "Naedey" {+Fly rElec} (You found it on level 3 of the Spider Nest)
 30256 | IceCv    | Slain by an Ice Fiend

Action                   |  1- 3 |  4- 6 |  7- 9 | 10-12 | 13-15 | 16-18 || total
-------------------------+-------+-------+-------+-------+-------+-------++-------
Melee: Hand axe          |   125 |   187 |    60 |       |       |       ||   372
       War axe           |       |       |   169 |   855 |   471 |       ||  1495
       Broad axe         |       |       |       |       |   569 |  1160 ||  1729
 Fire: Hunting sling     |       |       |     4 |       |       |       ||     4
Invok: Depart the Abyss  |     1 |       |       |       |       |       ||     1
       Banish            |       |       |     3 |     8 |     5 |     6 ||    22
  Use: Potion            |     1 |       |     4 |     1 |     4 |     2 ||    12
       Scroll            |       |       |     7 |    13 |    11 |     6 ||    37
  Eat: Chunk             |     3 |     7 |     9 |    25 |    27 |    16 ||    87
       Royal jelly       |       |       |     1 |       |     1 |       ||     2
       Fruit             |       |       |       |     4 |       |     7 ||    11
       Pizza             |       |       |       |     1 |       |       ||     1
       Beef jerky        |       |       |       |       |     1 |       ||     1

Vault maps used:
D:1:      lordsloth_arrival_two_stooges
D:2:      kennysheep_the_goblin_king, lemuel_zombie_altar_kikubaaqudgha,
          grunt_gozag_breadcrumbs
D:3:      first_bread, grunt_qazlal_sundering
D:4:      corexii_shantytown, yredelemnul_altar_generic
D:5:      serial_shops, shop, shop
D:6:      minmay_temple_entry_trees, uniq_prince_ribbit1, uniq_sigmund
D:7:      uniq_joseph, uniq_menkaure
D:8:      forest_paths, grunt_livestock
D:9:      hangedman_feature_mirror, bloody_makhleb, uniq_pikel
D:10:     hiddenorc1_lemuel, serial_glass, glass_columns_a, glass_columns_b
D:11:     lair_0_dummy, hangedman_misty_isle
D:13:     lemuel_ice_spiral_2, uniq_josephine, uniq_maurice
D:14:     grunt_vaults_entry_fortified, enter_trove_6, serial_shops, shop
D:15:     gammafunk_depths_entry_grave, minmay_diamond_spiral, uniq_louise
Lair:2:   worms_lemuel
Lair:3:   basic_altar, grunt_megastairs_2, serial_bayou_shore_b,
          infiniplex_staircase_pool_2
Lair:4:   spider_nest_entry_web_field
Lair:5:   swamp_mist, bobbens_dragon_lair_wall, lemuel_fruit_fields
Lair:6:   slime_altar_2, zaba_anthole
Lair:7:   basic_altar, grunt_megastairs_1
Lair:8:   grunt_lair_end_beastmaster, enter_volcano_4, minivault_27, uniq_rupert
Spider:1: nicolae_spider_webbed_stairs
Spider:2: zaba_anthell, uniq_arachne, uniq_kirke
Spider:4: grunt_spider_rune_island, portal_ice_cave_entry_imps,
          guppyfry_spider_mini_1, uniq_wiglaf, uniq_asterion
Orc:3:    basic_altar, nicolae_orc_pool_cavern
Orc:4:    grunt_orc_cross, serial_shops, shop
IceCv:    ice_cave_caverns_03
Volcano:  volcano_tomb
